 Dungeon Crawl Stone Soup version 0.29.0-7-g18a832c13a (webtiles) character file.

Game seed: 6168838170273368164

669 Ordine the Carver (level 7, 0/44 HPs)
             Began as a Tengu Monk on Aug 31, 2022.
             Succumbed to a scorpion's poison
             ... on level 4 of the Dungeon.
             The game lasted 00:10:54 (4871 turns).

Ordine the Carver (Tengu Monk)                      Turns: 4871, Time: 00:10:54

Health: 0/44       AC:  6    Str: 12    XL:     7   Next: 58%
Magic:  8/8        EV: 16    Int: 10    God:
Gold:   315        SH:  5    Dex: 18    Spells: 6/6 levels left

rFire   . . .      SeeInvis .   a - +0 falchion
rCold   . . .      Faith    .   (no shield)
rNeg    . . .      Spirit   .   b - +0 robe
rPois   .          Reflect  +   (helmet restricted)
rElec   .          Harm     .   (no cloak)
rCorr   .          Rampage  .   (no gloves)
Will    .....                   (boots unavailable)
Stlth   ++........              f - amulet of reflection
HPRegen 0.14/turn               k - +4 ring of protection
MPRegen 0.11/turn               (no ring)

@: lethally poisoned (0 -> -2), attractive, flying quickly and evasively, quick
A: beak, talons 3, nimble flight
a: no special abilities


You were on level 4 of the Dungeon.
You visited 1 branch of the dungeon, and saw 5 of its levels.
You also visited: Sewer.

You collected 315 gold pieces.

Inventory:

Hand Weapons
 a - a +0 falchion (weapon)
Missiles
 e - 5 boomerangs
 i - 21 poisoned darts (quivered)
Armour
 b - a +0 robe (worn)
Jewellery
 f - an amulet of reflection (around neck)
 k - a +4 ring of protection (left hand)
Wands
 j - a wand of flame (38)
 s - a wand of iceblast (11)
Scrolls
 g - 3 scrolls of enchant weapon {unknown}
 h - 2 scrolls of fear {unknown}
 l - 3 scrolls of teleportation
 n - a scroll of magic mapping {unknown}
 q - 2 scrolls of poison {unknown}
 r - a scroll of vulnerability {unknown}
 u - a scroll of torment {unknown}
Potions
 c - 2 potions of ambrosia
 d - a potion of attraction
 m - a potion of mutation {unknown}
 o - a potion of invisibility {unknown}
 p - a potion of cancellation {unknown}
 t - a potion of might {unknown}
 v - a potion of lignification {unknown}


   Skills:
 + Level 5.4 Fighting
 * Level 8.0 Long Blades
 - Level 3.2 Dodging
 - Level 2.0 Stealth


You had 6 spell levels left.
You didn't know any spells.
Your spell library contained the following spells:

 Spells                   Type           Power      Damage    Failure   Level
 Ensorcelled Hibernation  Hex/Ice        0%         N/A       50%         2
 Spider Form              Tmut/Pois      0%         N/A       75%         3
 Anguish                  Hex/Necr       0%         N/A       98%         4


Dungeon Overview and Level Annotations

Branches:
Dungeon (5/15)              Sewer (visited)
 Temple: D:4-7

Altars:

Shops:
D:3 :


Innate Abilities, Weirdness & Mutations

You have a beak for a mouth.
You have claws for feet.
Your magical nature lets you fly swiftly and evasively.


Message History

An ogre comes into view. It is wielding a +0 giant spiked club.
An ogre comes into view. It is wielding a +0 giant club.
Things that are here:
a +0 flail; a gnoll skeleton
There is a stone staircase leading up here.
The scorpion completely misses you. The ufetubus closely misses you.
The ufetubus barely misses you.
The ogre hits you with a +0 giant spiked club!!
Ouch! That really hurt!
The scorpion stings you.
* * * LOW HITPOINT WARNING * * *
You are poisoned.
The scorpion poisons you!
You fly upwards.
* * * LOW HITPOINT WARNING * * *
You feel very sick.
There is a stone staircase leading down, spattered with blood here.
Unknown command.
Unknown command.
Unknown command.
Unknown command.
You feel sick. You block the scorpion's attack.
The ufetubus attacks as you move away! You block the ufetubus's attack.
The ufetubus hits you but does no damage.
You feel sick. The ufetubus hits you.
* * * LOW HITPOINT WARNING * * *
The ufetubus misses you.
* * * LOW HITPOINT WARNING * * *
You feel sick. The ufetubus attacks as you move away!
The ufetubus completely misses you. The ufetubus closely misses you.
* * * LOW HITPOINT WARNING * * *
You feel sick. The scorpion attacks as you move away! The scorpion misses you.
* * * LOW HITPOINT WARNING * * *
You feel sick. The ufetubus barely misses you.
The ufetubus hits you but does no damage.
It was a potion of attraction.
You feel attractive to monsters.
You die...

#........####.###....##
##... #........# #.##
##....# ###.
#####........#
##.###....## #.
.......####### ##.#.##.##
#. .####..#
##########.###.## #.
†#.....#
#...............# #.
.......#
#.......#....#..#######.
.......#
#.......#O.#.#..#...[...
.......#
#......@5s.#.)......(...
##...###
#.......#...>...........
###.#
#.......#.......######..
#.# #............#.##
##..
##################.######
#... ~~~~~~~.### #.# #...
~~.~~~~...########.# #...
~~~~~÷~.#........#.#
###...
########...#####.#[#
#.)...


You could see an ogre, a scorpion and an ufetubus.

Vanquished Creatures
  Sigmund (D:2)
  A scorpion (D:5)
  2 hounds
  A jelly (D:4)
  Jessica (D:3)
  2 iguanas
  A merfolk avatar (Sewer)
  A merfolk siren (Sewer)
  4 gnolls
  11 adders
  A river rat (Sewer)
  A worm (D:2)
  2 dart slugs
  8 ball pythons
  5 endoplasms
  5 giant cockroaches
  6 goblins
  5 hobgoblins
  10 jackals
  3 kobolds
  12 quokkas
  3 bats
  4 frilled lizards
  25 rats
115 creatures vanquished.

Notes
Turn   | Place    | Note
-------+----------+-------------------------------------------
     0 | D:1      | Ordine the Tengu Monk began the quest for the Orb.
     0 | D:1      | Reached XP level 1. HP: 14/14 MP: 2/2
   291 | D:1      | Found a faded altar of an unknown god.
   323 | D:1      | Reached XP level 2. HP: 13/19 MP: 3/3
   441 | D:1      | Reached skill level 4 in Long Blades
   703 | D:1      | Reached XP level 3. HP: 11/23 MP: 4/4
  1421 | D:2      | Noticed Sigmund
  1432 | D:2      | Killed Sigmund
  1433 | D:2      | Reached skill level 5 in Long Blades
  1433 | D:2      | Reached XP level 4. HP: 17/29 MP: 5/5
  1433 | D:2      | Gained mutation: Your magical nature lets you fly swiftly
                  | and evasively. [Tengu growth]
  1433 | D:2      | Reached XP level 5. HP: 19/33 MP: 6/6
  1732 | D:2      | Reached skill level 6 in Long Blades
  2216 | D:3      | Reached XP level 6. HP: 39/39 MP: 7/7
  2382 | D:3      | Noticed Jessica
  2386 | D:3      | Killed Jessica
  2842 | D:3      | Found Teczac's Book Emporium.
  3754 | D:4      | Found a glowing drain.
  3774 | Sewer    | Entered a sewer
  3839 | Sewer    | Reached skill level 7 in Long Blades
  3919 | Sewer    | Reached XP level 7. HP: 44/44 MP: 8/8
  3930 | Sewer    | Reached skill level 5 in Fighting
  4336 | D:5      | Entered Level 5 of the Dungeon
  4628 | D:5      | Reached skill level 8 in Long Blades
  4869 | D:4      | HP: 2/44 [poisoned by a scorpion]
  4871 | D:4      | Succumbed to a scorpion's poison

Illustrated notes

Levels and vault maps discovered:
D:1:      lightli_arrival_quake, layout_basic,
          hellmonk_ecumenical_altar_pennies_from_heaven, hex_medium
D:2:      layout_basic, uniq_sigmund
D:3:      layout_loops_corners, serial_shops, shop_coins, feat_on_display,
          uniq_jessica
D:4:      layout_loops_cross, portal_sewer_entry_f, kennysheep_generic_room_5
D:5:      layout_cave_pools, serial_park, serial_park_square3
          [serial_park_minivault_5x5_3], serial_park_fountain,
          serial_park_avenue1

Skill      XL: |  1  2  3  4  5  6  7 |
---------------+----------------------+-----
Long Blades    | 4 5 6 7 8 |  8.0
Fighting       | 4 5 |  5.4
Dodging        | |  3.2
Stealth        | |  2.0

Action                   |  1- 3 |  4- 6 |  7- 9 || total
-------------------------+-------+-------+-------++-------
Melee: Falchion          |    52 |   128 |    80 ||   260
       Kick              |    12 |    26 |    24 ||    62
       Peck              |     5 |    21 |    16 ||    42
       Punch             |       |     2 |     3 ||     5
Throw: Dart              |     6 |     2 |       ||     8
       Boomerang         |       |     1 |       ||     1
  Use: Potion            |       |       |     1 ||     1
 Stab: Sleeping          |     2 |    13 |     1 ||    16
Armor: Robe              |     4 |    14 |     9 ||    27
Dodge: Dodged            |    34 |    78 |    46 ||   158
Block: Other             |     5 |    24 |    19 ||    48
